 Dungeon Crawl Stone Soup version 0.16-a0-3338-g714714c (webtiles) character file.

287 celem the Cleaver (level 6, -3/51 HPs)
             Began as a Minotaur Berserker on Dec 28, 2014.
             Was a Priest of Trog.
             Slain by a slave (8 damage)
             ... led by Pikel
             ... on level 4 of the Dungeon.
             The game lasted 00:07:10 (2475 turns).

celem the Cleaver (Minotaur Berserker)              Turns: 2475, Time: 00:07:10

Health: -3/51      AC:  4    Str: 22    XL:     6   Next: 8%
Magic:  3/3        EV: 12    Int:  6    God:    Trog [***...]
Gold:   145        SH:  0    Dex:  9    Spells: 0 memorised, 5 levels left

rFire  . . .     SeeInvis .     H - +0 war axe
rCold  . . .     Clarity  .     n - +0 leather armour
rNeg   . . .     SustAb   .     (no shield)
rPois  .         Gourm    .     (helmet restricted)
rElec  .         Spirit   .     (no cloak)
rCorr  .         Warding  .     x - +0 pair of gloves
rMut   .         Stasis   .     (no boots)
MR     .....                    (no amulet)
Stlth  +.........               (no ring)
                                (no ring)

@: not resistant to hostile enchantments, very unstealthy
A: retaliatory headbutt, horns 2
a: Burn Spellbooks, Berserk, Trog's Hand, Renounce Religion


You were on level 4 of the Dungeon.
You worshipped Trog.
Trog was most pleased with you.
You were not hungry.

You visited 1 branch of the dungeon, and saw 6 of its levels.

You collected 145 gold pieces.

Inventory:

Hand weapons
 H - a +0 war axe (weapon)
Missiles
 j - a throwing net (quivered)
 o - 56 sling bullets
 B - 7 tomahawks
 F - 8 sling bullets of frost
Armour
 b - a +0 animal skin
 n - a +0 leather armour (worn)
 x - a +0 pair of gloves (worn)
Jewellery
 l - an uncursed ring of protection from magic {unknown}
 q - a cursed ring of teleportation {unknown}
 r - an uncursed ring of positive energy {unknown}
 s - an uncursed amulet of resist corrosion {unknown}
 z - an uncursed ring of positive energy {unknown}
 A - an uncursed ring of positive energy {unknown}
Magical devices
 C - a wand of digging (9)
Scrolls
 f - 6 scrolls of identify {unknown}
 g - 4 scrolls of noise {unknown}
 i - a scroll of remove curse {unknown}
 u - 2 scrolls of teleportation {unknown}
 y - a scroll of recharging {unknown}
 E - a scroll of magic mapping {unknown}
 G - a scroll of enchant weapon {unknown}
Potions
 e - a potion of invisibility {unknown}
 k - 2 potions of degeneration {unknown}
 m - a potion of haste {unknown}
 p - a potion of might {unknown}
 t - a potion of lignification {unknown}
 v - a potion of restore abilities {unknown}
 w - 3 potions of curing {unknown}
 D - a potion of mutation {unknown}
Comestibles
 c - 3 bread rations
 d - a beef jerky
 h - a meat ration


   Skills:
 - Level 3.6 Fighting
 + Level 8.3 Axes
 - Level 2.4 Armour
 - Level 2.1 Dodging


You had 5 spell levels left.
You didn't know any spells.

Dungeon Overview and Level Annotations

Branches:
Dungeon (6/15)
 Temple: D:4-7

Altars:
Kikubaaqudgha
Sif Muna

Annotations:
D:4 Pikel


Innate Abilities, Weirdness & Mutations

You reflexively headbutt those who attack you in melee.
You have a pair of horns on your head.


Message History

Pikel is heavily wounded.
You miss the slave. The slave hits you but does no damage.
Pikel hits you with a whip of flaming. Pikel burns you.
You hit Pikel but do no damage.
Pikel is heavily wounded.
You hit the slave.
The slave is lightly wounded.
Pikel closely misses you.
You closely miss Pikel.
Pikel is heavily wounded.
You hit the slave but do no damage. You barely miss the slave.
The slave is lightly wounded.
The slave hits you.
* * * LOW HITPOINT WARNING * * *
Pikel hits you with a whip of flaming.
* * * LOW HITPOINT WARNING * * *
Pikel burns you.
* * * LOW HITPOINT WARNING * * *
The slave hits you!
You die...

#.....#......##........#
#......................#
#..................?....##
...............K.pp......#
.......####.K#####.......#
.......# #..# ##........
####...###[.# #.........
##.......####..........
##......##p@.........
#...##...KKp........ #..#
###[.......... ..#
##.......... ##........#
#.......# #..####. #.##
.##


You could see Pikel, 2 slaves and a kobold.

Vanquished Creatures
  2 slaves (D:4)
  Sigmund (D:3)
  A giant frog skeleton (D:4)
  Jessica (D:3)
  7 adders
  3 gnolls (D:2)
  3 worms
  An adder skeleton (D:4)
  An ooze (D:2)
  6 orcs
  2 ball pythons
  2 giant cockroaches
  4 hobgoblins
  A jackal (D:3)
  2 quokkas
  8 bats
  3 giant newts
  7 goblins
  8 kobolds
  A quokka skeleton (D:4)
  5 rats
69 creatures vanquished.

Notes
Turn   | Place    | Note
--------------------------------------------------------------
     0 | D:1      | celem, the Minotaur Berserker, began the quest for the Orb.
     0 | D:1      | Reached XP level 1. HP: 19/19 MP: 1/1
     0 | D:1      | Noticed a tentacled monstrosity
     0 | D:1      | Noticed a pale draconian
     1 | D:1      | Noticed a tentacled monstrosity
     3 | D:1      | Noticed a tentacled monstrosity
     3 | D:1      | Noticed a tentacled monstrosity
     5 | D:1      | Noticed a tentacled monstrosity
     8 | D:1      | Noticed an orb of fire
    10 | D:1      | Noticed a tentacled monstrosity
    10 | D:1      | Noticed a green draconian
    12 | D:1      | Noticed a shadow dragon
    14 | D:1      | Noticed a shadow dragon
    14 | D:1      | Noticed a large abomination
    16 | D:1      | Noticed an ice dragon
    16 | D:1      | Noticed a shadow dragon
    16 | D:1      | Noticed a green draconian
    18 | D:1      | Noticed a large abomination
    64 | D:1      | Reached skill level 4 in Axes
   197 | D:1      | Reached XP level 2. HP: 26/26 MP: 1/1
   529 | D:2      | Reached skill level 5 in Axes
   539 | D:2      | Reached XP level 3. HP: 19/31 MP: 2/2
   821 | D:2      | Acquired Trog's second power
  1178 | D:2      | Reached skill level 6 in Axes
  1178 | D:2      | Reached XP level 4. HP: 31/39 MP: 2/2
  1265 | D:3      | Noticed Jessica
  1270 | D:3      | Killed Jessica
  1282 | D:3      | Reached XP level 5. HP: 35/45 MP: 2/2
  1398 | D:3      | Reached skill level 7 in Axes
  1407 | D:3      | Noticed Sigmund
  1417 | D:3      | Killed Sigmund
  1425 | D:3      | You fall through a shaft for 3 floors!
  1432 | D:6      | Noticed an ice beast
  1436 | D:5      | Entered Level 5 of the Dungeon
  1466 | D:3      | Found an ancient bone altar of Kikubaaqudgha.
  1638 | D:3      | Found a deep blue altar of Sif Muna.
  1748 | D:3      | Reached skill level 8 in Axes
  2145 | D:4      | Reached XP level 6. HP: 43/51 MP: 3/3
  2444 | D:4      | Noticed a slave
  2446 | D:4      | Noticed a slave
  2446 | D:4      | Noticed a slave
  2447 | D:4      | Noticed Pikel
  2448 | D:4      | Noticed a slave
  2463 | D:4      | Killed a slave
  2470 | D:4      | Killed a slave
  2475 | D:4      | Slain by a slave

Action                   |  1- 3 |  4- 6 || total
-------------------------+-------+-------++-------
Melee: Hand axe          |    62 |    83 ||   145
       War axe           |       |    12 ||    12
  Eat: Chunk             |       |     5 ||     5
